[Event "Team 45 45 League T57"]
[Site "Internet Chess Club"]
[Date "2013.06.28"]
[Round "6"]
[White "birk113"]
[Black "rom1"]
[Result "0-1"]
[WhiteElo "1491"]
[BlackElo "1557"]
[Opening "Alekhine's defense: modern variation, 4...Bg4"]
[ECO "B05"]
[Time "13:00:54"]
[TimeControl "2700+45"]

1. e4 Nf6 2. e5 Nd5 3. d4 d6 4. Nf3 Bg4 5. Be2 e6 6. O-O Be7 7. c4 Nb6 8. Nc3
O-O 9. Be3 N8d7 10. exd6 cxd6 11. b3 Nf6 12. Qc2 Bf5 13. Bd3 Bxd3 14. Qxd3 h6
15. Rfd1 d5 16. c5 Nbd7 17. Bf4 Nh5 18. Bg3 Nxg3 19. fxg3 a6 20. a4 Rc8 21. a5
Nb8 22. Na4 Nc6 23. Nb6 Rc7 24. Re1 Bg5 25. Ne5 Bf6 26. Nxc6 Rxc6 27. b4 Re8 28.
Rad1 g6 29. b5 axb5 30. Qxb5 Qc7 31. Nxd5 Qd8 32. Qxb7 Qxd5 33. a6 Bxd4+ 34. Kh1
Qxc5 35. Rxd4 Rxa6 36. Rd7 Qf2 37. Rg1 Rea8 38. Rdd1 R6a7 39. Qf3 Ra2 40. Rdf1
Qxf3 41. gxf3 Re2 42. Rg2 Raa2 43. Rxe2 Rxe2 44. Kg1 e5 45. h3 f5 46. Rd1 Kf7
47. Kf1 Rh2 48. h4 Rh1+ 49. Ke2 Rxd1 50. Kxd1 Ke6 51. Ke2 Kd5 52. Ke3 g5 53.
hxg5 hxg5 54. Kd3 e4+ 55. Ke3 exf3 56. Kxf3 Kd4 57. Kf2 Ke4 58. Kg2 Ke3 59. Kh2
Kf3 60. Kh3 Kf2 61. g4 f4 62. Kh2 f3 63. Kh1 Ke2 64. Kg1 f2+ 65. Kg2 f1=Q+ 66.
Kg3 Qf4+ 67. Kg2 Qxg4+ 68. Kh2 Kf2 69. Kh1 Qg2# {White checkmated} 0-1

[Event "Team 45 45 League T57"]
[Site "Internet Chess Club"]
[Date "2013.06.30"]
[Round "6"]
[White "rayfincle"]
[Black "Gilguli"]
[Result "1-0"]
[WhiteElo "1471"]
[BlackElo "1373"]
[Opening "Queen's bishop game"]
[ECO "D00"]
[Time "14:36:55"]
[TimeControl "2700+45"]

1. d4 d5 2. Bf4 Nf6 3. Nf3 Bf5 4. e3 h6 5. h3 e6 6. Nbd2 Bd6 7. Ne5 O-O 8. Be2
c5 9. c3 cxd4 10. exd4 Qb6 11. Qb3 Qxb3 12. axb3 Ne4 13. f3 Nxd2 14. Bxd2 Nc6
15. Nxc6 Bg3+ 16. Kd1 bxc6 17. Be1 Bxe1 18. Kxe1 Rfb8 19. Ra3 Bc2 20. Bd1 Bxd1
21. Kxd1 a5 22. Kc2 Rb5 23. Rha1 Rab8 24. R1a2 Kh7 25. Rxa5 Rxb3 26. Rc5 R3b6
27. b4 Kg6 28. Kd3 Kf5 29. Ke3 g5 30. Ra7 f6 31. Rg7 Ra8 32. g4# {Black
checkmated} 1-0

[Event "Team 45 45 League T57"]
[Site "Internet Chess Club"]
[Date "2013.07.01"]
[Round "6"]
[White "xwang1"]
[Black "PoisonPawn"]
[Result "0-1"]
[WhiteElo "2054"]
[BlackElo "2057"]
[Opening "Sicilian: Taimanov variation"]
[ECO "B48"]
[Time "19:38:02"]
[TimeControl "2700+45"]

1. e4 c5 2. Nf3 e6 3. d4 cxd4 4. Nxd4 Nc6 5. Nc3 Qc7 6. Be3 a6 7. Qd2 Nf6 8. f3
h5 9. O-O-O Be7 10. Kb1 b5 11. Qf2 d6 12. h3 Ne5 13. f4 Nc4 14. Bc1 b4 15. Na4
Nxe4 16. Qe1 Bb7 17. Bxc4 Qxc4 18. Nb6 Qc7 19. Nxa8 Bxa8 20. Rf1 O-O 21. g4 Bd5
22. Nb3 a5 23. gxh5 Bf6 24. Rxd5 exd5 25. Qd1 a4 26. Nd4 a3 27. Rf3 Rc8 28. Nb3
axb2 29. Bxb2 Bxb2 30. Kxb2 Nc3 31. Qd3 Qa7 32. Kc1 Re8 33. Rf1 Re2 {White
resigns} 0-1

[Event "Team 45 45 League T57"]
[Site "Internet Chess Club"]
[Date "2013.06.29"]
[Round "6"]
[White "frank001"]
[Black "DARKwizard1"]
[Result "0-1"]
[WhiteElo "1756"]
[BlackElo "2013"]
[Opening "Scotch game"]
[ECO "C45"]
[Time "15:00:35"]
[TimeControl "2700+45"]

1. e4 Nc6 2. Nf3 e5 3. d4 exd4 4. Nxd4 Bc5 5. Nxc6 Qf6 6. Qf3 dxc6 7. Bc4 Be6 8.
Bxe6 Qxe6 9. Be3 Bd6 10. c3 Nf6 11. Nd2 O-O-O 12. h3 Rhe8 13. O-O Nxe4 14. Nxe4
Qxe4 15. Qxf7 Qe5 16. g3 Rd7 17. Qc4 Qh5 18. Kg2 Qg6 19. Bxa7 Rf7 20. a4 Re4 21.
Qd3 Qe6 22. Be3 h5 23. h4 Rxh4 24. Rh1 Rxh1 25. Rxh1 Qg4 26. Bd4 g5 27. b4 h4
28. Re1 Kd7 29. Re4 Qf5 30. Qe2 b6 31. Qg4 hxg3 32. Qxf5+ Rxf5 33. fxg3 c5 34.
bxc5 Bxc5 35. Kh3 Bd6 36. Kg4 Rd5 37. Bf6 Rd3 38. Kxg5 Rxg3+ 39. Kf5 Rf3+ 40.
Kg6 Rf2 41. Bd4 Rf1 42. Bf6 Kc6 43. Kf7 Kd5 44. Rd4+ Kc5 45. Ke6 c6 46. Re4 Bf8
47. Bd4+ Kc4 48. Bxb6+ Kxc3 49. Kd7 c5 50. Kc6 c4 51. a5 Kb3 52. a6 c3 53. Re3
Kc4 54. Ba5 Bg7 55. Kb7 c2 56. a7 Rf7+ 57. Bc7 c1=Q 58. Re4+ Kd5 59. a8=Q Qc6+
{White resigns} 0-1

[Event "Team 45 45 League T57"]
[Site "Internet Chess Club"]
[Date "2013.06.30"]
[Round "6"]
[White "laurenpar"]
[Black "FlyingTiger"]
[Result "1-0"]
[WhiteElo "1899"]
[BlackElo "1818"]
[Opening "English: symmetrical, four knights system"]
[ECO "A30"]
[Time "09:35:25"]
[TimeControl "2700+45"]

1. Nf3 Nf6 2. c4 c5 3. Nc3 Nc6 4. e4 d6 5. h3 g6 6. d4 cxd4 7. Nxd4 Nxd4 8. Qxd4
Bg7 9. Be2 O-O 10. O-O Be6 11. Qd3 Qb6 12. Rb1 Rfc8 13. b3 a5 14. Na4 Qb4 15. a3
Bxc4 16. axb4 Bxd3 17. Bxd3 axb4 18. Nb6 Rc3 19. Nxa8 Rxd3 20. Re1 Nxe4 21. Rxe4
Rd1+ 22. Kh2 Bh6 23. Rc4 Bf4+ 24. Rxf4 {Black resigns} 1-0

[Event "Team 45 45 League T57"]
[Site "Internet Chess Club"]
[Date "2013.07.07"]
[Round "6"]
[White "BigH"]
[Black "irock"]
[Result "1-0"]
[WhiteElo "2056"]
[BlackElo "1891"]
[Opening "Bogo-Indian defense, Nimzovich variation"]
[ECO "E11"]
[Time "14:26:55"]
[TimeControl "2700+45"]

1. c4 e6 2. d4 Nf6 3. Nf3 Bb4+ 4. Bd2 Qe7 5. Nc3 Nc6 6. e3 Bxc3 7. Bxc3 Ne4 8.
Bd3 Nxc3 9. bxc3 O-O 10. Qc2 h6 11. O-O d6 12. Rae1 e5 13. Nd2 f5 14. f3 Kh8 15.
Nb3 g5 16. c5 d5 17. e4 dxe4 18. fxe4 f4 19. d5 Na5 20. d6 cxd6 21. Nxa5 dxc5
22. Bc4 Qc7 23. Nb3 b5 24. Bd5 Rb8 25. Qf2 c4 26. Qc5 Qxc5+ 27. Nxc5 Rf6 28. Rb1
a5 29. Na4 Be6 30. Rfd1 Bg4 31. Re1 Be6 32. Bxe6 Rxe6 33. Red1 b4 34. Rd5 Ra8
35. Rc5 Rd6 36. Rxc4 Rd2 37. cxb4 axb4 38. Rcxb4 Rxa2 39. Rb8+ Rxb8 40. Rxb8+
Kg7 41. Nc5 Ra5 42. Nd3 Ra4 43. Rb4 Ra1+ 44. Kf2 Ra2+ 45. Rb2 Ra4 46. Rb7+ Kf6
47. Rb6+ Kg7 48. Nb4 g4 49. Rb5 Kf6 50. Nd5+ Kg7 51. Rb7+ Kg6 52. Ne7+ Kf6 53.
Ng8+ Kg6 54. Rb6+ Kg7 55. Nxh6 Ra2+ 56. Kf1 Ra1+ 57. Ke2 Ra2+ 58. Kd3 Rxg2 59.
Re6 f3 60. Nf5+ Kf7 61. Rxe5 Rxh2 62. Re7+ Kf6 63. Rg7 Rg2 64. Rg8 Rg1 65. Ne3
Kf7 66. Rxg4 f2 67. Rf4+ Ke6 68. Rxf2 {Black resigns} 1-0

[Event "Team 45 45 League T57"]
[Site "Internet Chess Club"]
[Date "2013.06.28"]
[Round "6"]
[White "imawesome"]
[Black "TerryMalloy"]
[Result "1/2-1/2"]
[WhiteElo "1819"]
[BlackElo "2036"]
[Opening "Sicilian: Alapin's variation (2.c3)"]
[ECO "B22"]
[Time "18:05:53"]
[TimeControl "2700+45"]

1. e4 c5 2. c3 d5 3. exd5 Qxd5 4. d4 Nc6 5. Nf3 Bg4 6. dxc5 Qxd1+ 7. Kxd1 Nf6 8.
b4 a5 9. b5 Ne5 10. Be2 O-O-O+ 11. Kc2 Nxf3 12. gxf3 Bf5+ 13. Kb3 e5 14. Be3 Nd5
15. Rd1 Be7 16. Na3 Nxe3 17. fxe3 Bxc5 18. e4 Be6+ 19. Bc4 Rhe8 20. Bxe6+ Rxe6
21. Nc4 b6 22. Rxd8+ Kxd8 23. Rd1+ Kc7 24. Rd5 f6 25. Nxa5 Bg1 {Game drawn by
mutual agreement} 1/2-1/2

[Event "Team 45 45 League T57"]
[Site "Internet Chess Club"]
[Date "2013.06.29"]
[Round "6"]
[White "MeWantCookie"]
[Black "Mymas"]
[Result "1-0"]
[WhiteElo "2038"]
[BlackElo "1724"]
[Opening "Sicilian: wing gambit deferred"]
[ECO "B50"]
[Time "15:00:12"]
[TimeControl "2700+45"]

1. e4 c5 2. Nf3 d6 3. b4 cxb4 4. d4 Nf6 5. Bd3 g6 6. a3 bxa3 7. Nxa3 Nc6 8. O-O
Bg7 9. c3 Bg4 10. h3 Bd7 11. Be3 Rc8 12. d5 Na5 13. Bxa7 b6 14. Qb1 Qc7 15. Bxb6
Qxc3 16. Nb5 Qb3 17. Rxa5 Qxb1 18. Rxb1 O-O 19. Nbd4 Rb8 20. Nc6 Bxc6 21. dxc6
Rfc8 22. c7 Rb7 23. Ba6 Rxb6 24. Rxb6 Rxc7 25. Rb8+ Bf8 26. Bd3 Nd7 27. Rba8 Rc3
28. Bb5 Nc5 29. e5 dxe5 30. Nxe5 Kg7 31. Rc8 e6 32. Nd7 Rc1+ 33. Kh2 Bd6+ 34. g3
Bxg3+ 35. fxg3 Rc2+ 36. Kg1 Rc1+ 37. Bf1 Re1 38. Nxc5 e5 39. Nd3 Re3 40. Rxe5
Rxg3+ 41. Bg2 Rxd3 42. Re7 Rd6 43. Rcc7 Rf6 44. Bd5 Kh6 45. Rxf7 Rxf7 46. Rxf7
g5 47. Be4 g4 48. h4 g3 49. Rxh7# {Black checkmated} 1-0

[Event "Team 45 45 League T57"]
[Site "Internet Chess Club"]
[Date "2013.06.30"]
[Round "6"]
[White "otherook"]
[Black "NimzoMal"]
[Result "1/2-1/2"]
[WhiteElo "1776"]
[BlackElo "1968"]
[Opening "English, 1...Nf6 (Anglo-Indian defense)"]
[ECO "A15"]
[Time "13:00:13"]
[TimeControl "2700+45"]

1. c4 Nf6 2. g3 e6 3. Bg2 d5 4. cxd5 exd5 5. Nf3 Bd6 6. Nc3 c6 7. O-O O-O 8. d3
Re8 9. Re1 Bg4 10. Qc2 Nbd7 11. e4 Bxf3 12. Bxf3 Ne5 13. Bg2 d4 14. Ne2 Bb4 15.
Rd1 Qb6 16. a3 Be7 17. Bd2 a5 18. b4 axb4 19. axb4 h6 20. Rxa8 Rxa8 21. Rb1 Ra3
22. Rb3 Ra1+ 23. Rb1 Ra3 24. Rb3 Ra1+ 25. Rb1 Ra3 26. Rb3 Ra1+ 27. Rb1 {Game
drawn by repetition} 1/2-1/2

[Event "Team 45 45 League T57"]
[Site "Internet Chess Club"]
[Date "2013.06.28"]
[Round "6"]
[White "badmove"]
[Black "hondocando"]
[Result "1/2-1/2"]
[WhiteElo "1635"]
[BlackElo "1567"]
[Opening "Nimzovich-Larsen attack: modern variation"]
[ECO "A01"]
[Time "17:02:37"]
[TimeControl "2700+45"]

1. b3 e5 2. Bb2 Nc6 3. e3 Nf6 4. Bb5 d6 5. Ne2 Bd7 6. O-O Be7 7. d4 exd4 8. Nxd4
Nxd4 9. Bxd7+ Qxd7 10. Qxd4 O-O 11. e4 Qg4 12. f3 Qg6 13. c4 Nd7 14. Qd2 Bf6 15.
Bxf6 Qxf6 16. Nc3 Nb6 17. Rad1 a6 18. Nd5 Nxd5 19. Qxd5 Rab8 {Game drawn by
mutual agreement} 1/2-1/2

[Event "Team 45 45 League T57"]
[Site "Internet Chess Club"]
[Date "2013.06.29"]
[Round "6"]
[White "crazyhorses"]
[Black "ILRE"]
[Result "0-1"]
[WhiteElo "1459"]
[BlackElo "1560"]
[Opening "French: King's Indian attack"]
[ECO "C00"]
[Time "16:00:39"]
[TimeControl "2700+45"]

1. e4 e6 2. d3 d5 3. Nd2 c5 4. Ngf3 Nc6 5. g3 Bd6 6. Bg2 Nge7 7. O-O O-O 8. Re1
f6 9. c3 Bd7 10. d4 cxd4 11. cxd4 Qb6 12. Nb3 Rac8 13. Be3 Nb4 14. Nc5 Bxc5 15.
dxc5 Qd8 16. e5 Nf5 17. Qb3 Nxe3 18. Rxe3 Nc6 19. Qc3 f5 20. Nd4 f4 21. Ree1
fxg3 22. hxg3 Nxd4 23. Qxd4 Qe7 24. b4 a6 25. Rad1 Rf7 26. Rd2 Bb5 27. Bh3 Rcf8
28. Ra1 Rf3 29. a4 Bc4 30. Rb1 Qf7 31. b5 axb5 32. axb5 Ra8 33. b6 Qg6 34. Rbb2
Ra1+ 35. Kh2 Qh6 36. Qg4 Rf5 37. Qh4 Qxh4 38. gxh4 Rxe5 39. c6 Ra8 40. c7 Rc8
41. Rd1 Kf7 42. Rb4 Ke7 43. Kg3 h5 44. Kf4 Re4+ 45. Kg5 Kd6 46. Rb2 Be2 47. Rdd2
Bc4 48. Kg6 Rxh4 49. Bg2 Rg4+ 50. Kxh5 Rxg2 51. f4 Rh8# {White checkmated} 0-1

[Event "Team 45 45 League T57"]
[Site "Internet Chess Club"]
[Date "2013.06.28"]
[Round "6"]
[White "seattleblues"]
[Black "caglar"]
[Result "0-1"]
[WhiteElo "1484"]
[BlackElo "1543"]
[Opening "Queen's pawn, Mason variation"]
[ECO "D00"]
[Time "16:00:05"]
[TimeControl "2700+45"]

1. d4 d5 2. Bf4 e6 3. e3 Nf6 4. Nd2 c5 5. c3 c4 6. Ngf3 Nc6 7. Be2 Bd6 8. Bg3
O-O 9. Ne5 Bc7 10. f4 Nd7 11. Bg4 Ndxe5 12. fxe5 f6 13. Bh4 g5 14. Bf2 fxe5 15.
O-O exd4 16. exd4 e5 17. Bxc8 Rxc8 18. dxe5 Nxe5 19. Bd4 Bb6 20. Rxf8+ Qxf8 21.
Bxb6 axb6 22. Nf3 Nd3 23. Nxg5 Qc5+ 24. Kh1 Nf2+ {White resigns} 0-1

[Event "Team 45 45 League T57"]
[Site "Internet Chess Club"]
[Date "2013.06.28"]
[Round "6"]
[White "sockmonkey"]
[Black "juniorVishy"]
[Result "1-0"]
[WhiteElo "1834"]
[BlackElo "1706"]
[Opening "QGD Slav: exchange variation"]
[ECO "D13"]
[Time "14:06:47"]
[TimeControl "2700+45"]

1. d4 d5 2. c4 c6 3. Nf3 Nf6 4. cxd5 cxd5 5. Nc3 Nc6 6. Bf4 e6 7. e3 Bb4 8. Bd3
O-O 9. O-O Nh5 10. Bg5 Nf6 11. Rc1 h6 12. Bh4 a6 13. Ne5 Be7 14. Nxc6 bxc6 15.
Na4 Bd7 16. Nc5 Bc8 17. Qa4 Qb6 18. Rc2 Re8 19. Rfc1 Nd7 20. Bxe7 Rxe7 21. Nb3
Nb8 22. Na5 Bd7 23. Qa3 Re8 24. Qc5 Qxc5 25. Rxc5 Rc8 26. e4 Ra7 27. e5 Rac7 28.
b4 Be8 29. a4 Ra7 30. h4 g6 31. g4 Kg7 32. f4 Bd7 33. Kf2 Be8 34. Ke3 Bd7 35.
Rg1 Be8 36. f5 Rcc7 37. fxe6 fxe6 38. g5 hxg5 39. Rxg5 Kh6 40. Rc1 Rg7 41. Rf1
Raf7 42. Rxf7 Bxf7 43. Nb3 Rg8 44. Nc5 Re8 45. Bxa6 Re7 46. Bc8 Re8 47. Bb7 Re7
48. a5 Nd7 49. Nxd7 Rxd7 50. a6 Kh7 51. a7 Rxb7 52. a8=Q Rxb4 53. Qf8 Rb3+ 54.
Kf4 Rb7 55. h5 Bg8 56. hxg6+ Kh8 57. Rh5+ {Black resigns} 1-0

[Event "Team 45 45 League T57"]
[Site "Internet Chess Club"]
[Date "2013.06.30"]
[Round "6"]
[White "iceface"]
[Black "pereelcoix"]
[Result "0-1"]
[WhiteElo "1823"]
[BlackElo "1575"]
[Opening "QGD semi-Slav"]
[ECO "D43"]
[Time "14:00:30"]
[TimeControl "2700+45"]

1. d4 d5 2. c4 c6 3. Nf3 Nf6 4. Nc3 e6 5. Bg5 h6 6. Bh4 dxc4 7. a4 Bb4 8. Bxf6
Qxf6 9. e3 b5 10. Be2 O-O 11. Nd2 Bb7 12. Bf3 a6 13. axb5 axb5 14. Rxa8 Bxa8 15.
Nxb5 cxb5 16. Bxa8 e5 17. Qf3 Qa6 18. O-O Bxd2 19. dxe5 Nd7 20. Be4 Nxe5 21. Qf5
Ng6 22. Qd5 c3 23. bxc3 Bxc3 24. Bd3 Qb6 25. Bxb5 Rd8 26. Qc4 Ne5 27. Qa4 Rd2
28. Rb1 Qa5 29. Qe4 Qxb5 30. h3 Qe8 31. f4 f5 32. Qxf5 Nf7 33. Qc5 Qe4 {White
resigns} 0-1

[Event "Team 45 45 League T57"]
[Site "Internet Chess Club"]
[Date "2013.06.29"]
[Round "6"]
[White "Leon13"]
[Black "AndyYang2002"]
[Result "0-1"]
[WhiteElo "1303"]
[BlackElo "1420"]
[Opening "Giuoco Piano"]
[ECO "C50"]
[Time "17:00:57"]
[TimeControl "2700+45"]

1. e4 e5 2. Nf3 Nc6 3. Bc4 Bc5 4. Ng5 Qxg5 5. O-O Nf6 6. Kh1 Qg6 7. f4 Nxe4 8.
Qe2 Nd4 9. Qe3 Nxc2 10. Qb3 Nxa1 11. Qd3 Nf2+ 12. Rxf2 Qxd3 13. Bxd3 Bxf2 14.
Nc3 Bd4 15. Nd5 Kd8 16. b3 c6 17. Nb4 d6 18. fxe5 dxe5 19. Be4 Be6 20. Nd3 f5
{White resigns} 0-1

[Event "Team 45 45 League T57"]
[Site "Internet Chess Club"]
[Date "2013.06.30"]
[Round "6"]
[White "moodle"]
[Black "Andaluz"]
[Result "1-0"]
[WhiteElo "1324"]
[BlackElo "1156"]
[Opening "Sicilian: Alapin's variation (2.c3)"]
[ECO "B22"]
[Time "13:00:44"]
[TimeControl "2700+45"]

1. e4 c5 2. c3 e5 3. Nf3 Nc6 4. d4 d6 5. dxe5 dxe5 6. Qxd8+ Kxd8 7. Ng5 Ke8 8.
Bc4 Nh6 9. O-O f6 10. Nf3 Nf7 11. Be3 a6 12. Nbd2 b6 13. Bd5 Bd7 14. Nc4 Rb8 15.
Rad1 b5 16. Bxf7+ Kxf7 17. Rxd7+ Ke8 18. Rc7 bxc4 19. Rxc6 Ra8 20. Rd1 Be7 21.
Bxc5 Bxc5 22. Rxc5 {Black resigns} 1-0

[Event "Team 45 45 League T57"]
[Site "Internet Chess Club"]
[Date "2013.06.27"]
[Round "6"]
[White "kyoroogi"]
[Black "fledermaus"]
[Result "1-0"]
[WhiteElo "2126"]
[BlackElo "1923"]
[Opening "Sicilian: Scheveningen variation"]
[ECO "B80"]
[Time "14:07:21"]
[TimeControl "2700+45"]

1. e4 c5 2. Nf3 e6 3. d4 cxd4 4. Nxd4 Nf6 5. Nc3 d6 6. Be3 Be7 7. f3 O-O 8. Qd2
Nc6 9. O-O-O d5 10. Be2 dxe4 11. Nxc6 bxc6 12. Qxd8 Rxd8 13. Nxe4 Nxe4 14. Rxd8+
Bxd8 15. Rd1 Bc7 16. fxe4 Kf8 17. h3 Ke8 18. Bc5 Bb6 19. Bd6 f6 20. e5 f5 21.
Bf3 Bd7 22. c4 Rc8 23. c5 Bd8 24. Rd4 a5 25. Kc2 Ra8 26. Ra4 Kf7 27. b3 g6 28.
Rd4 Ra7 29. a3 Rb7 30. Kc3 Kg7 31. Be2 Bg5 32. Ra4 Bd8 33. b4 Ra7 34. Kb3 Rb7
35. Kc4 Ra7 36. bxa5 Rxa5 37. Rb4 Bc8 38. Kb3 Ba6 39. Bf3 Bb5 40. a4 Bd3 41.
Bxc6 Be2 42. Bb5 Bd1+ 43. Kc3 Ra8 44. Rd4 Ba5+ 45. Kb2 Bh5 46. g4 {Black
resigns} 1-0

[Event "Team 45 45 League T57"]
[Site "Internet Chess Club"]
[Date "2013.06.30"]
[Round "6"]
[White "bobhill"]
[Black "CogitoErgoSum"]
[Result "1/2-1/2"]
[WhiteElo "1963"]
[BlackElo "1908"]
[Opening "Queen's pawn: Torre attack"]
[ECO "A46"]
[Time "19:40:50"]
[TimeControl "2700+45"]

1. d4 Nf6 2. Nf3 e6 3. Bg5 c5 4. e3 h6 5. Bh4 b6 6. Bd3 Bb7 7. Nbd2 d5 8. c3 Be7
9. O-O O-O 10. Ne5 Nbd7 11. f4 Nxe5 12. fxe5 Nd7 13. Bxe7 Qxe7 14. Qe2 f6 15.
exf6 Rxf6 16. Rxf6 Nxf6 17. Nf3 Nd7 18. Rf1 e5 19. dxe5 Nxe5 20. Nxe5 Qxe5 21.
Qf3 Qe6 22. Bf5 Qe7 23. Qg3 Rf8 24. e4 dxe4 25. Qg6 Rf6 26. Qh7+ Kf7 27. Bg6+
Ke6 28. Qg8+ Kd6 29. Qb8+ Ke6 30. Qg8+ Kd6 31. Rxf6+ gxf6 32. Qb8+ Qc7 33. Qf8+
Qe7 34. Qxh6 Bd5 35. b3 Kc7 36. Qf4+ Qd6 37. g3 a5 38. Kf2 Qxf4+ 39. gxf4 a4 40.
c4 axb3 41. axb3 Be6 42. f5 Bd7 43. Ke3 Bc6 44. h4 Kd7 45. h5 Ke7 46. h6 Kf8 47.
Kf4 Kg8 48. Bh5 Kh7 49. Bf7 Kxh6 50. Bd5 Bxd5 51. cxd5 e3 52. Kxe3 Kg7 53. Ke4
Kf7 54. Kd3 b5 55. d6 Ke8 56. Ke4 Kd7 57. Kd5 c4 58. bxc4 bxc4 59. Kxc4 Kxd6 60.
Kd4 Kc6 {Game drawn by mutual agreement} 1/2-1/2

[Event "Team 45 45 League T57"]
[Site "Internet Chess Club"]
[Date "2013.06.30"]
[Round "6"]
[White "SaltofLife"]
[Black "rubo"]
[Result "1-0"]
[WhiteElo "1856"]
[BlackElo "1688"]
[Opening "Old Benoni defense"]
[ECO "A46"]
[Time "15:00:15"]
[TimeControl "2700+45"]

1. d4 Nf6 2. Nf3 c5 3. d5 b5 4. Bg5 Ne4 5. Bf4 f5 6. Nbd2 Qa5 7. c3 Nxd2 8. Nxd2
d6 9. a4 bxa4 10. Nc4 Qc7 11. f3 g6 12. e4 Bg7 13. Bd3 fxe4 14. fxe4 O-O 15. O-O
Nd7 16. Qxa4 Bb7 17. Qa5 Nb6 18. Rae1 Rfc8 19. e5 Nxc4 20. Qxc7 Rxc7 21. Bxc4
Rd8 22. exd6 exd6 23. Re6 Bf8 24. Bg3 Rf7 25. Rxf7 Kxf7 26. Bh4 Rb8 27. Bg3 Rd8
28. Kf1 Bc8 29. Bh4 Re8 30. Rxe8 Kxe8 31. b4 cxb4 32. cxb4 a6 33. Bg3 Kd7 34.
Ke2 Bg7 35. Kd3 Kc7 36. Kc2 Bd4 37. Bf4 Bb7 38. h4 Bf2 39. Bg5 Be1 40. Kb3 Bg3
41. Bf6 Bf2 42. g4 Bc8 43. Be2 Bb7 44. Kc4 Be1 45. h5 gxh5 46. gxh5 h6 47. Bg4
Bd2 48. Be7 Bf4 49. Kd4 Bd2 50. Bf8 Bg5 51. Ke4 Bd2 52. Be6 Bg5 53. Kf5 Bd2 54.
Kg6 Bf4 55. Bxh6 Bxh6 56. Kxh6 Kb6 57. Kg6 a5 58. bxa5+ Kxa5 59. h6 Ba6 60. h7
Bd3+ 61. Bf5 {Black resigns} 1-0

[Event "Team 45 45 League T57"]
[Site "Internet Chess Club"]
[Date "2013.07.01"]
[Round "6"]
[White "Froggy"]
[Black "Jack-ONeill"]
[Result "1/2-1/2"]
[WhiteElo "2162"]
[BlackElo "2054"]
[Opening "Sicilian: closed, 2...Nc6"]
[ECO "B23"]
[Time "14:04:44"]
[TimeControl "2700+45"]

1. e4 c5 2. Nc3 Nc6 3. Bb5 Nd4 4. Nf3 Nxb5 5. Nxb5 a6 6. Nc3 d6 7. d4 cxd4 8.
Qxd4 e5 9. Qd3 h6 10. Nd2 Be6 11. Nc4 Rc8 12. Ne3 Nf6 13. O-O Be7 14. a4 O-O 15.
Bd2 Qc7 16. Rfd1 Rfd8 17. Rac1 Qc5 18. Be1 Rd7 19. Ncd5 Bxd5 20. exd5 a5 21. c4
g6 22. Rb1 Qa7 23. b4 axb4 24. Rxb4 Bd8 25. Qb3 Ba5 26. Rb5 Bxe1 27. Rxe1 Rc5
28. Rb4 Kg7 29. Rb1 Ne4 30. Qd3 Nf6 31. Nd1 Rdc7 32. Nc3 Re7 33. Nb5 Qa6 34. Qe3
Ng4 35. Qe2 Nf6 36. h3 Rc8 {Game drawn by mutual agreement} 1/2-1/2

[Event "Team 45 45 League T57"]
[Site "Internet Chess Club"]
[Date "2013.06.30"]
[Round "6"]
[White "Ptzz"]
[Black "Goli"]
[Result "1-0"]
[WhiteElo "2105"]
[BlackElo "1910"]
[Opening "Robatsch (modern) defense"]
[ECO "B06"]
[Time "13:00:10"]
[TimeControl "2700+45"]

1. e4 g6 2. d4 Bg7 3. Nf3 d6 4. Bd3 Nf6 5. O-O O-O 6. c3 Bg4 7. Be3 Nc6 8. Nbd2
e5 9. Re1 exd4 10. cxd4 Nb4 11. Bb1 b5 12. Qb3 Nc6 13. Qxb5 Bd7 14. Qe2 Ng4 15.
Bg5 Qb8 16. Nb3 a5 17. h3 a4 18. hxg4 axb3 19. d5 bxa2 20. Rxa2 Rxa2 21. Bxa2
Nb4 22. Bb1 Bxg4 23. Rc1 Qb7 24. Qc4 Bxf3 25. gxf3 Rc8 26. Rc3 Bxc3 27. Qxc3 c5
28. Qf6 Nxd5 29. exd5 Qxd5 30. Ba2 c4 31. Bxc4 Qd1+ 32. Kh2 Rxc4 33. Bh6 {Black
resigns} 1-0

[Event "Team 45 45 League T57"]
[Site "Internet Chess Club"]
[Date "2013.07.01"]
[Round "6"]
[White "Inquisiteur"]
[Black "Holgate"]
[Result "0-1"]
[WhiteElo "1607"]
[BlackElo "2018"]
[Opening "Grünfeld: Russian, Alekhine (Hungarian) variation"]
[ECO "D97"]
[Time "08:00:47"]
[TimeControl "2700+45"]

1. d4 Nf6 2. c4 g6 3. Nc3 d5 4. Nf3 Bg7 5. Qb3 dxc4 6. Qxc4 O-O 7. e4 a6 8. Bf4
b5 9. Qxc7 Qxc7 10. Bxc7 Bb7 11. e5 Nd5 12. Nxd5 Bxd5 13. Bd3 Nc6 14. Bb6 f6 15.
exf6 Bxf6 16. O-O Bxf3 17. gxf3 Bxd4 18. Bxd4 Nxd4 19. Be4 Nxf3+ 20. Kg2 Nh4+
21. Kg3 Nf5+ 22. Kg2 Rad8 23. Rfd1 Rd6 24. Rxd6 Nxd6 25. Bd5+ Kg7 26. Re1 Nf5
27. Re6 Rf6 28. b4 Rxe6 29. Bxe6 Nd4 30. Bc8 Nc2 31. Bxa6 Nxb4 32. Bxb5 Nxa2 33.
Kf3 Kf6 34. Ke3 Nc3 35. Bc6 Ke5 36. f4+ Kd6 37. Bf3 Kc5 38. Kd3 Nd5 39. Ke4 Kd6
40. h3 e6 41. Kd4 {White resigns} 0-1

[Event "Team 45 45 League T57"]
[Site "Internet Chess Club"]
[Date "2013.06.30"]
[Round "6"]
[White "Holzschlange"]
[Black "FourKnights"]
[Result "1/2-1/2"]
[WhiteElo "1811"]
[BlackElo "1801"]
[Opening "Queen's pawn game"]
[ECO "D02"]
[Time "20:00:45"]
[TimeControl "2700+45"]

1. Nf3 d5 2. d4 e6 3. c4 Nf6 4. g3 Bb4+ 5. Bd2 Bxd2+ 6. Nbxd2 O-O 7. Bg2 Nc6 8.
e3 Qd6 9. O-O Rd8 10. Qc2 e5 11. cxd5 Nxd5 12. dxe5 Nxe5 13. Nxe5 Qxe5 14. Nf3
Qe7 15. Rac1 c6 16. a3 Bg4 17. Rfe1 Rac8 18. Qa4 Bxf3 19. Bxf3 a6 20. Bg2 h6 21.
b4 Nf6 {Game drawn by mutual agreement} 1/2-1/2

[Event "Team 45 45 League T57"]
[Site "Internet Chess Club"]
[Date "2013.06.30"]
[Round "6"]
[White "drsigmund1"]
[Black "anna"]
[Result "0-1"]
[WhiteElo "1519"]
[BlackElo "1687"]
[Opening "Queen's bishop game"]
[ECO "D02"]
[Time "21:19:01"]
[TimeControl "2700+45"]

1. d4 d5 2. Nf3 Nf6 3. Bf4 e6 4. e3 c6 5. Bd3 Be7 6. Nbd2 Nbd7 7. Ne5 O-O 8. Qf3
Re8 9. g4 Nxe5 10. dxe5 Nd7 11. Qh3 Nf8 12. Nf3 Qb6 13. Rb1 c5 14. c3 Bd7 15.
Qh5 Bc6 16. Rg1 d4 17. Rg3 dxe3 18. fxe3 Qd8 19. Bxh7+ Nxh7 20. Rh3 Be4 21. Rd1
Qb6 22. Bg5 Bg6 23. Qh4 Bf8 24. Bf4 Be7 25. Ng5 Bxg5 26. Bxg5 Qxb2 27. e4 Qg2
28. Rd2 Qxe4+ 29. Re3 Qb1+ 30. Kf2 Qb6 31. Rd7 Qc6 32. Red3 Bxd3 33. Rxd3 Qe4
34. Rh3 Qg6 35. Be3 b6 36. Qg3 Red8 37. Rh5 Rd3 38. Qf4 Rxc3 39. Qf3 Rd8 40. Qb7
Qxg4 41. Qe7 Rc2+ {White resigns} 0-1

[Event "Team 45 45 League T57"]
[Site "Internet Chess Club"]
[Date "2013.07.02"]
[Round "6"]
[White "Littlemon"]
[Black "nosir"]
[Result "0-1"]
[WhiteElo "1413"]
[BlackElo "1455"]
[Opening "Nimzo-Indian: three knights variation"]
[ECO "E21"]
[Time "18:00:15"]
[TimeControl "2700+45"]

1. d4 Nf6 2. c4 e6 3. Nc3 Bb4 4. Nf3 Ne4 5. Bd2 Nxc3 6. Bxc3 Bxc3+ 7. bxc3 d6 8.
e3 Nd7 9. Bd3 Nf6 10. O-O O-O 11. Qc2 h6 12. Rab1 b6 13. Rfd1 Bb7 14. Qe2 Ne4
15. Bxe4 Bxe4 16. Rb2 Re8 17. c5 Qe7 18. cxd6 cxd6 19. Rc1 Rac8 20. Nd2 Bh7 21.
h3 Rc7 22. Nf3 Rec8 23. Rb3 f6 24. Qd2 Be4 25. Nh2 d5 26. f3 Bh7 27. Re1 Qd7 28.
Ng4 Qc6 29. Nf2 Qd6 30. e4 e5 31. dxe5 fxe5 32. exd5 Rc5 33. Ne4 Qxd5 34. Qxd5+
Rxd5 35. Rb2 Bxe4 36. fxe4 Rdc5 37. Ree2 Rxc3 38. Kf2 Kf7 39. Rbd2 Ke7 40. Rd5
R8c5 41. Rdd2 b5 42. g3 a5 43. Kg2 b4 44. Rb2 R5c4 45. h4 a4 46. Kh3 b3 47. Kg4
Rc2 48. Kf5 Rxe2 49. Rxe2 Rc2 50. Re1 b2 51. Rb1 a3 {White resigns} 0-1